 Dungeon Sprint DCSS version 0.28-a0-828-g0121872642 (webtiles) character file.

Game seed: 18080482137978877127

0 xpp the Skirmisher (level 1, 0/19 HPs)
             Began as a Palentonga Fighter on Nov 11, 2021.
             Slain by Sigmund (5 damage)
             ... in the Dungeon (Sprint VI: "Thunderdome").
             The game lasted 00:02:47 (64 turns).

xpp the Skirmisher (Palentonga Fighter)               Turns: 64, Time: 00:02:49

Health: 0/19       AC:  6    Str: 19    XL:     1   Next: 33%
Magic:  1/1        EV:  7    Int:  8    God:
Gold:   200        SH:  4    Dex:  9    Spells: 0/0 levels left

rFire   . . .      SeeInvis +   a - +0 trident
rCold   . . .      Faith    .   c - +0 buckler
rNeg    . . .      Spirit   .   b - +0 scale mail
rPois   .          Reflect  .   (no helmet)
rElec   .          Harm     .   (no cloak)
rCorr   .          Rampage  .   (no gloves)
Will    .....      NoTele   +   (no barding)
Stlth   ..........              (no amulet)
HPRegen 0.06/turn               (no ring)
MPRegen 0.07/turn               (no ring)

@: mighty
A: large, rugged brown scales 3, see invisible, deformed body, roll 1, armoured
tail
a: Rolling Charge


You were in the Dungeon.
You visited 1 branch You collected 200 gold pieces.

Inventory:

Hand Weapons
 a - a +0 trident (weapon)
Armour
 b - a +0 scale mail (worn)
 c - a +0 buckler (worn)
Wands
 l - a wand of acid (5)
 m - a wand of iceblast (5)
Scrolls
 j - 4 scrolls of blinking
 n - 3 scrolls of fog
Potions
 e - a potion of curing
 f - 4 potions of heal wounds
 g - 4 potions of haste
 h - 2 potions of magic
 i - a potion of berserk rage
 k - a potion of resistance


   Skills:
 + Level 3.3 Fighting
 * Level 2.0 Polearms
 + Level 2.7 Armour
 + Level 2.7 Shields


You couldn't memorise any spells.
You didn't know any spells.
Your spell library was empty.

Dungeon Overview and Level Annotations

Branches:
Dungeon (1/1)

Altars:
Cheibriados
Dithmenos
Fedhas
Gozag
Kikubaaqudgha
Makhleb
Okawaru
Qazlal
Ru
Sif Muna
Uskayaw
Vehumet
Wu Jian
Xom
Yredelemnul
Zin
The Shining One
Jiyva
Lugonu

Shops:
D *[?**[(!!!!

Annotations:
D Sigmund


Innate Abilities, Weirdness & Mutations

You are completely covered in rugged brown scales. (AC +3, +7% HP)
You have supernaturally acute eyesight. (SInv)
Armour fits poorly on your strangely shaped body.
You can roll at nearby foes to attack.
You have a long armoured tail.


Message History

A rat comes into view.
Found four shops.
Found three altars.
You puncture the goblin!
You kill the goblin!
Your Polearms skill increases to level 2!
Things that are here:
a +0 dagger; a goblin corpse Sigmund the Dreaded comes into view.
He is wielding a +0 scythe.
Things that are here:
a +0 dagger; a goblin corpse The rat bites you but does no damage.
Sigmund shouts!
You puncture the rat!
You kill the rat!
You see here a rat corpse.
Roll where?
Press: ? - help, Dir - move target, f - Sigmund
Aim: Sigmund, wielding a +0 scythe and wearing a +0 robe You roll forward with a clatter of scales!
You barely miss Sigmund. You tail-slap Sigmund.
Sigmund is lightly wounded.
Sigmund hits you with a +0 scythe!
You feel very mighty all of a sudden. Sigmund closely misses you.
You closely miss Sigmund.
Sigmund is lightly wounded.
You closely miss Sigmund.
Sigmund is lightly wounded.
Sigmund casts a spell.
Sigmund flickers and vanishes for a moment.
You puncture Sigmund!
Sigmund is heavily wounded.
You block Sigmund's attack.
You closely miss Sigmund.
Sigmund is heavily wounded.
Sigmund hits you with a +0 scythe!
* * * LOW HITPOINT WARNING * * *
You hit Sigmund.
Sigmund is severely wounded.
Sigmund hits you with a +0 scythe.
You die...

#_....... #_........
###.........###
#⌠...........⌠#
##.8.........8.######
.......# #......___∩##
.....8.# #.8........∩###
.......###.............#
....###...# #...@@.....⌠
....# #.<.# #.†........⌠
....###...###..........⌠
.......###....)........#
.....8.# #.8........∩###
_......###......___∩##
##.8.........8.######
#⌠...........⌠#
###.........###


You could see Sigmund (invisible).

Vanquished Creatures
  A giant cockroach (D)
  A goblin (D)
  A rat (D)
3 creatures vanquished.

Notes
Turn   | Place    | Note
-------+----------+-------------------------------------------
     0 | D        | xpp the Palentonga Fighter began the quest for the Orb.
     0 | D        | Reached XP level 1. HP: 19/19 MP: 1/1
     0 | D        | Found an opulent altar of Gozag.
     4 | D        | Found a radiant altar of Vehumet.
     4 | D        | Found an ornate altar of the Wu Jian Council.
     5 | D        | Found a glowing silver altar of Zin.
     5 | D        | Round 1.
     6 | D        | Found a corrupted altar of Lugonu.
     6 | D        | Found a stormy altar of Qazlal.
     6 | D        | Found an ancient bone altar of Kikubaaqudgha.
     6 | D        | Found Cion's Identification Station.
     7 | D        | Found Miuresea's Jewellery.
     7 | D        | Found Jieproff's Advanced Armour.
    18 | D        | Found a viscous altar of Jiyva.
    18 | D        | Found a shimmering altar of Xom.
    30 | D        | Found an iron altar of Okawaru.
    30 | D        | Found Pungathoe's Premium Goods.
    30 | D        | Found Inemokoc's Miscellaneous Merchandise.
    31 | D        | Found Osaixtou's Basic Armour.
    32 | D        | Found a snail-covered altar of Cheibriados.
    32 | D        | Found a shadowy altar of Dithmenos.
    32 | D        | Found a shimmering blue altar of Sif Muna.
    32 | D        | Found Wuataq's Weapon Rack.
    46 | D        | Found a sacrificial altar of Ru.
    48 | D        | Found a glowing golden altar of the Shining One.
    48 | D        | Found a blossoming altar of Fedhas.
    50 | D        | Found Wohi's Bottled Wisdom.
    50 | D        | Found Umenk's Do-It-Yourself Clinic.
    50 | D        | Found Anwu's Distillery.
    50 | D        | Found a basalt altar of Yredelemnul.
    50 | D        | Found a hide-covered altar of Uskayaw.
    50 | D        | Found a burning altar of Makhleb.
    50 | D        | Found Biwor's Distillery.
    52 | D        | Noticed Sigmund
    64 | D        | Slain by Sigmund

Illustrated notes

Levels and vault maps discovered:
D:        arena_sprint

Skill      XL: |  1 |
---------------+----+-----
Polearms       | 2 |  2.0
Fighting       | |  3.3
Armour         | |  2.7
Shields        | |  2.7

Action                   || total
-------------------------++-------
Melee: Trident           ||     9
       Tailslap          ||     1
 Abil: Rolling Charge    ||     3
  Use: Potion            ||     1
Armor: Scale mail        ||     1
Dodge: Dodged            ||     1
Block: Buckler           ||     1

Table legend: (Time is in decaauts)
 A = Elapsed time spent in this place.
 B = Non-inter-level travel time spent in this place.
 C = Inter-level travel time spent in this place.
 D = Time resting spent in this place.
 E = Time spent auto-exploring this place.
 F = Levels seen in this place.
 G = Mean time per level.
                   A        B        C        D        E       F      G
               +--------+--------+--------+--------+--------+-----+--------+
         Total |     65 |     65 |      0 |      0 |      0 |   1 |   65.0 |
       Dungeon |     65 |     65 |      0 |      0 |      0 |   1 |   65.0 |
               +--------+--------+--------+--------+--------+-----+--------+

Top non-repeatable levels by time:
       D: 65 daAuts
